 Dungeon Crawl Stone Soup version 0.31-a0-844-gdc52ec4e09 (webtiles) character file.

Game seed: 9545139882268479937

2297 Joey1 the Cleaver (level 9, -7/74 HPs)
             Began as a Minotaur Berserker on Sept 30, 2023.
             Was an Elder of Trog.
             Mangled by a hornet (9 damage)
             ... on level 7 of the Dungeon.
             The game lasted 00:11:25 (6163 turns).

Joey1 the Cleaver (Minotaur Berserker)              Turns: 6163, Time: 00:11:26

Health: -7/74      AC:  9    Str: 26    XL:     9   Next: 17%
Magic:  8/8        EV: 11    Int:  4    God:    Trog [****..]
Gold:   128        SH:  0    Dex: 10    Spells: 8/8 levels left

rFire   . . .        a - +0 hand axe
rCold   . . .        (no shield)
rNeg    + . .        e - +0 scale mail
rPois   .            (helmet restricted)
rElec   .            (no cloak)
rCorr   .            L - +0 pair of gloves
SInv    .            g - +0 pair of boots
Will    +....        n - amulet of regeneration Stlth
                     l - ring of willpower
HPRegen 1.12/turn    z - ring of positive energy
MPRegen 0.11/turn

%: no passive effects
@: lethally poisoned (-7 -> -9), slowed, very slow
A: horns 2, retaliatory headbutt
a: Renounce Religion, Berserk, Trog's Hand, Brothers in Arms


You were on level 7 of the Dungeon.
You worshipped Trog.
Trog was greatly pleased with you.
You visited 1 branch of the dungeon, and saw 7 of its levels.
You also visited: Ossuary.

You collected 314 gold pieces.
You spent 186 gold pieces at shops.

Inventory:

Hand Weapons
 a - a +0 hand axe (weapon)
 M - a +1 mace of freezing
Armour
 b - a +0 animal skin
 c - a +0 ring mail
 e - a +0 scale mail (worn)
 g - a +0 pair of boots (worn)
 L - a +0 pair of gloves (worn)
Jewellery
 l - a ring of willpower (left hand)
 n - an amulet of regeneration (around neck)
 z - a ring of positive energy (right hand)
Wands
 x - a wand of polymorph (11)
 D - a wand of mindburst (6)
 N - a wand of flame (20)
Scrolls
 d - 2 scrolls of immolation
 j - a scroll of poison {unknown}
 k - a scroll of blinking {unknown}
 o - 6 scrolls of teleportation
 r - a scroll of amnesia {unknown}
 s - 2 scrolls of brand weapon {unknown}
 t - 2 scrolls of enchant armour
 u - 2 scrolls of torment {unknown}
 v - a scroll of vulnerability {unknown}
 y - a scroll of fog {unknown}
 E - a scroll of fear
 G - a scroll of acquirement {unknown}
 I - a scroll of revelation {unknown}
 K - 3 scrolls of identify
Potions
 f - 2 potions of might
 h - a potion of brilliance
 i - a potion of mutation {unknown}
 m - a potion of haste
 p - 2 potions of heal wounds
 q - 3 potions of resistance
 w - 2 potions of ambrosia {unknown}
 A - a potion of magic {unknown}
 B - 3 potions of attraction {unknown}
 C - a potion of lignification {unknown}
 F - 4 potions of curing
 H - a potion of cancellation {unknown}
 J - a potion of berserk rage {unknown}


   Skills:
 - Level 5.0 Fighting
 * Level 13.6 Axes
 - Level 5.0 Armour
 - Level 3.0 Dodging


You had 8 spell levels left.
You didn't know any spells.
Your spell library was empty.

Dungeon Overview and Level Annotations

Branches:
Dungeon (7/15)            Ossuary (visited)
 Temple: D:4-7

Altars:
Fedhas
Qazlal
Ru

Shops:
D:2 *(=(?

Annotations:
D:2 1 runed translucent door, Crazy Yiuf


Innate Abilities, Weirdness & Mutations

You have a pair of horns on your head.
You reflexively headbutt those who attack you in melee.


Message History

The hornet barely misses you.
You feel sick. The hornet stings you.
You feel as though you will be slow longer.
You can move again.
You hit the hornet but do no damage.
The hornet is heavily wounded.
You feel sick. The hornet stings you.
* * * LOW HITPOINT WARNING * * *
You feel as though you will be slow longer.
The hornet closely misses you.
You hit the hornet.
The hornet is severely wounded.
You feel sick. The hornet closely misses you.
You hit the hornet.
The hornet is severely wounded.
You feel sick. The hornet completely misses you.
You closely miss the hornet.
The hornet is severely wounded.
You feel sick.
You are no longer poisoned.
The hornet stings you.
* * * LOW HITPOINT WARNING * * *
You feel as though you will be slow longer.
The hornet stings you.
* * * LOW HITPOINT WARNING * * *
You feel as though you will be slow longer.
You hit the hornet.
The hornet is severely wounded.
The hornet stings you!
* * * LOW HITPOINT WARNING * * *
You are poisoned.
You feel as though you will be slow longer.
You slash the hornet!
The hornet is almost dead.
You feel very sick. The hornet stings you.
* * * LOW HITPOINT WARNING * * *
You feel as though you will be slow longer.
The hornet stings you!
You die...

# #. ### ...
..# .. #.#
#.##.#####.#
#....y.....#
##.#.####@#
[......<..#
###########


You could see a hornet.

Vanquished Creatures
  Menkaure (D:4)
  A water moccasin (D:6)
  An ice beast (D:6)
  2 ogres
  A black bear (D:6)
  2 phantoms
  4 scorpions
  4 water moccasin zombies (Ossuary)
  4 wights
  6 killer bees (D:6)
  A crimson imp (D:6)
  2 jellies
  2 hounds
  5 sleepcaps
  2 iguanas
  Ijyb (D:4)
  Natasha (thrice) (D:2)
  An orc wizard (D:4)
  3 mummies
  3 adders
  A white imp (D:6)
  2 ufetubi (D:5)
  4 adder zombies (Ossuary)
  2 worms
  3 dart slugs
  3 orcs (D:4)
  4 ball pythons
  3 bats
  5 endoplasms (D:1)
  5 giant cockroaches
  4 goblins
  6 hobgoblins
  3 jackals (D:1)
  4 quokkas
  A frilled lizard (D:1)
  5 gnoll zombies (Ossuary)
  6 hobgoblin zombies
  10 kobolds
  3 kobold zombies
  7 orc zombies (Ossuary)
  5 rats
135 creatures vanquished.

Notes
Turn   | Place    | Note
-------+----------+-------------------------------------------
     0 | D:1      | Joey1 the Minotaur Berserker began the quest for the Orb.
     0 | D:1      | Reached XP level 1. HP: 19/19 MP: 0/0
   181 | D:1      | Reached XP level 2. HP: 21/27 MP: 1/1
   222 | D:1      | Reached skill level 4 in Axes
   713 | D:1      | Reached XP level 3. HP: 33/33 MP: 2/2
   867 | D:2      | Found Urphiomy's Weapon Shop.
   890 | D:2      | Found a sacrificial altar of Ru.
   953 | D:2      | Reached ** piety under Trog
   982 | D:2      | Found Beemimn's Assorted Antiques.
   982 | D:2      | Noticed Natasha
   987 | D:2      | Killed Natasha
   988 | D:2      | Reached XP level 4. HP: 29/40 MP: 3/3
  1032 | D:2      | Bought a scroll labelled WAMENG GEZXOYCA for 29 gold pieces
  1032 | D:2      | Bought a scroll labelled WAMENG GEZXOYCA for 29 gold pieces
  1083 | D:2      | Found a runed translucent door.
  1084 | D:2      | Noticed Crazy Yiuf
  1113 | D:2      | Noticed Natasha
  1129 | D:2      | Killed Natasha
  1271 | D:2      | Reached skill level 5 in Axes
  1288 | D:2      | Noticed Natasha
  1293 | D:2      | Killed Natasha
  1346 | D:2      | Found Duejun's Antique Weapon Emporium.
  1436 | D:2      | Found Zezetz's Magic Scroll Shoppe.
  1491 | D:2      | Found Ano Lyur's Jewellery Shop.
  1635 | D:2      | Bought a scroll labelled WIMIWN OLOA for 29 gold pieces
  1810 | D:3      | Reached XP level 5. HP: 47/47 MP: 4/4
  2539 | D:4      | Found a blossoming altar of Fedhas.
  2540 | D:4      | Noticed Menkaure
  2714 | D:3      | HP: 2/47 [sleepcap (5)]
  2974 | D:4      | Killed Menkaure
  2975 | D:4      | Reached skill level 5 in Fighting
  2975 | D:4      | Reached skill level 6 in Axes
  2975 | D:4      | Reached XP level 6. HP: 35/56 MP: 5/5
  3054 | D:4      | Found a stormy altar of Qazlal.
  3057 | D:4      | Noticed Ijyb
  3102 | D:4      | Killed Ijyb
  3271 | D:4      | Reached skill level 7 in Axes
  3271 | D:4      | Reached skill level 5 in Armour
  3276 | D:4      | Reached XP level 7. HP: 33/61 MP: 6/6
  3642 | D:4      | Reached skill level 8 in Axes
  3931 | D:2      | Bought a scroll of identify for 22 gold pieces
  3931 | D:2      | Bought a scroll of teleportation for 33 gold pieces
  3931 | D:2      | Bought a scroll of fear for 44 gold pieces
  3991 | D:5      | Entered Level 5 of the Dungeon
  4025 | D:5      | Reached *** piety under Trog
  4071 | D:5      | Reached skill level 9 in Axes
  4134 | D:5      | Reached skill level 10 in Axes
  4134 | D:5      | Reached XP level 8. HP: 64/68 MP: 7/7
  4690 | D:6      | Found a sand-covered staircase.
  4702 | Ossuary  | Entered an ossuary
  4809 | Ossuary  | Reached skill level 11 in Axes
  4829 | Ossuary  | Reached **** piety under Trog
  5146 | D:6      | Reached skill level 12 in Axes
  5373 | D:6      | Reached skill level 13 in Axes
  5373 | D:6      | Reached XP level 9. HP: 25/74 MP: 8/8
  6147 | D:7      | Paralysed by a hornet for 3 turns
  6156 | D:7      | Paralysed by a hornet for 1 turns
  6163 | D:7      | HP: 2/74 [hornet (3)]
  6163 | D:7      | Mangled by a hornet

Illustrated notes

Levels and vault maps discovered:
D:1:      scummos_arrival_checkerplants, layout_basic,
          amcnicky_mini_corridor_feature, minmay_misc_feat_secret_circle,
          hangedman_decor_growths, grunt_decor_junction, minmay_small_reverse_x
D:2:      layout_rooms, basic_altar, serial_glass, glass_columns_a,
          glass_columns_a, minmay_strange_pillars, feat_on_display,
          serial_shops, shop, nicolae_shop_crystal, shop, shop,
          nicolae_shop_rolled_up, uniq_crazy_yiuf_cottage, uniq_natasha
D:3:      layout_basic
D:4:      layout_loops_ring, grunt_temple_overflow_forces_of_nature, uniq_ijyb,
          uniq_menkaure
D:5:      layout_basic
D:6:      layout_loops_cross, nicolae_ossuary_entry_giza, minmay_fire_ice_demons
D:7:      minmay_razor_zed, layout_loops_corners, minmay_temple_entry_glass,
          serial_shops, shop, uniq_maggie

Skill      XL: |  1  2  3  4  5  6  7  8 |
---------------+-------------------------+-----
Axes           | 4 5 6 7 10 13 | 13.6
Fighting       | 4 5 |  5.0
Armour         | 3 4 5 |  5.0
Dodging        | 3 |  3.0

Action                     |  1- 3 |  4- 6 |  7- 9 || total
---------------------------+-------+-------+-------++-------
  Melee: Hand axe          |    52 |   116 |   296 ||   464
         Headbutt          |     7 |    21 |    63 ||    91
         Punch             |       |       |     1 ||     1
 Invoke: Berserk           |       |     2 |     1 ||     3
    Use: Scroll            |       |       |     8 ||     8
 Armour: Scale mail        |    29 |    72 |   199 ||   300
  Dodge: Dodged            |    26 |    54 |   115 ||   195

Table legend: (Time is in decaauts)
 A = Elapsed time spent in this place.
 B = Non-inter-level travel time spent in this place.
 C = Inter-level travel time spent in this place.
 D = Time resting spent in this place.
 E = Time spent auto-exploring this place.
 F = Levels seen in this place.
 G = Mean time per level.
                   A        B        C        D        E       F      G
               +--------+--------+--------+--------+--------+-----+--------+
         Total |   6132 |   5648 |    484 |    843 |   3904 |   8 |  766.5 |
       Dungeon |   5941 |   5457 |    484 |    843 |   3802 |   7 |  848.7 |
       Ossuary |    190 |    190 |      0 |      0 |    102 |   1 |  190.0 |
               +--------+--------+--------+--------+--------+-----+--------+

Top non-repeatable levels by time:
     D:3: 1273 daAuts
     D:6: 1079 daAuts
     D:2: 954 daAuts
     D:4: 932 daAuts
     D:1: 857 daAuts
     D:5: 828 daAuts
 Ossuary: 190 daAuts
     D:7: 16 daAuts
